 Dungeon Sprint DCSS version 0.21-a0-221-gfe971b9 (webtiles) character file.

1663 FailedLogin the Cruncher (level 8, -5/64 HPs)
             Began as a Demonspawn Gladiator on Aug 25, 2017.
             Was a Priest of Qazlal.
             Slain by a wyvern (7 damage)
             ... in the Dungeon (Sprint IX: "|||||||||||||||||||||||||||||").
             The game lasted 00:01:31 (329 turns).

FailedLogin the Cruncher (Demonspawn Gladiator)      Turns: 329, Time: 00:01:32

Health: -5/64      AC:  9    Str: 14    XL:     8   Next: 69%
Magic:  8/15       EV: 15    Int: 11    God:    Qazlal [***...]
Gold:   0          SH:  4    Dex: 16    Spells: 7/7 levels left

rFire    . . .     SeeInvis .   o - +0 lajatang
rCold    + . .     Gourm    .   (shield currently unavailable)
rNeg     . . .     Faith    .   r - +1 scale mail
rPois    .         Spirit   .   q - +0 helmet
rElec    .         Reflect  .   p - +0 cloak
rCorr    .         Harm     .   (no gloves)
MR       .....     NoTele   +   (no boots)
Stlth    ..........             (no amulet)
HPRegen  0.20/turn              s - +2 ring of protection
MPRegen  0.14/turn              t - +2 ring of evasion

@: corroded, very slightly contaminated
A: claws 2, rugged brown scales 1, cold resistance 1, freezing cloud immunity
a: Upheaval, Elemental Force, Renounce Religion


You were in the Dungeon.
You worshipped Qazlal.
Qazlal was most pleased with you.
You were not hungry.

You visited 1 branch

Inventory:

Hand Weapons
 o - a +0 lajatang (weapon)
Missiles
 d - 3 throwing nets (quivered)
Armour
 p - a +0 cloak (worn)
 q - a +0 helmet (worn)
 r - a +1 scale mail (worn)
Jewellery
 s - a +2 ring of protection (left claw)
 t - a +2 ring of evasion (right claw)
Wands
 n - a wand of iceblast (2/15)
Scrolls
 k - a scroll of blinking
 l - 3 scrolls of remove curse
 m - 2 scrolls of amnesia
Potions
 e - 5 potions of curing
 g - a potion of heal wounds
 h - a potion of haste
 i - 4 potions of magic
Comestibles
 f - a bread ration


   Skills:
 + Level 5.4 Fighting
 + Level 12.0 Staves
 - Level 1.7 Throwing
 + Level 3.8 Armour
 + Level 7.2 Dodging
 * Level 9.9 Invocations
 * Level 7.5 Evocations


You had 7 spell levels left.
You didn't know any spells.

Dungeon Overview and Level Annotations

Branches:
Dungeon (1/1)

Altars:
Cheibriados
Dithmenos
Elyvilon
Fedhas
Gozag
Hepliaklqana
Kikubaaqudgha
Makhleb
Nemelex Xobeh
Okawaru
Qazlal
Ru
Sif Muna
Trog
Uskayaw
Vehumet
Wu Jian
Xom
Yredelemnul
Zin
The Shining One
Beogh
Jiyva
Lugonu


Innate Abilities, Weirdness & Mutations

You have very sharp fingernails.
You are partially covered in rugged brown scales. (AC +1, +3% HP)
Your flesh is cold resistant. (rC+)
You are immune to freezing clouds.


Message History

This wand has 2 charges left.
Unknown command.
Unknown command.
You closely miss the acid dragon.
The acid dragon is severely wounded.
The acid dragon spits acid at you. The splash of acid hits you!
The acid corrodes you!
You are splashed with acid!
The acid burns!
* * * LOW HITPOINT WARNING * * *
You slash the acid dragon!
The acid dragon is almost dead.
The acid dragon misses you. You block the acid dragon's attack.
You closely miss the acid dragon.
The acid dragon is almost dead.
You slash the acid dragon!
You kill the acid dragon!
Qazlal accepts your kill.
Your Staves skill increases to level 12!
The wyvern bites you!
You die... ▓▓▓▓▓▓▓▓▓▓▓▓▓▓▓▓▓▓▓▓▓▓▓▓▓▓▓▓▓ _____'..|)....[†@l†Z..)..lZ.. ▓▓▓▓▓▓▓▓▓▓▓▓▓▓▓▓▓▓▓▓▓▓▓▓▓▓▓▓▓

You could see a wyvern and an adder skeleton.

Vanquished Creatures
  A two-headed ogre (D)
  An ugly thing (D)
  A yak (D)
  A vampire mosquito (D)
  An acid dragon (D)
  A soldier ant (D)
  2 bullfrogs (D)
  2 adders (D)
  A shadow imp (D)
  An adder zombie (D)
  An orc (D)
  2 hobgoblins (D)
  A quokka (D)
  A ball python skeleton (D)
  2 bats (D)
  A frilled lizard (D)
20 creatures vanquished.

Notes
Turn   | Place    | Note
-------+----------+-------------------------------------------
     0 | D        | FailedLogin the Demonspawn Gladiator began the quest for the Orb.
     0 | D        | Reached XP level 1. HP: 16/16 MP: 1/1
    10 | D        | Reached skill level 3 in Staves
    16 | D        | Reached skill level 4 in Staves
   130 | D        | Gained mutation: Your flesh is cold resistant. (rC+) [demonic ancestry]
   130 | D        | Reached XP level 2. HP: 22/22 MP: 2/2
   131 | D        | Reached skill level 5 in Staves
   184 | D        | Found a roughly hewn altar of Beogh.
   184 | D        | Found a snail-covered altar of Cheibriados.
   184 | D        | Found a shadowy altar of Dithmenos.
   184 | D        | Found a white marble altar of Elyvilon.
   184 | D        | Found a blossoming altar of Fedhas.
   184 | D        | Found an opulent altar of Gozag.
   185 | D        | Found a hazy altar of Hepliaklqana.
   186 | D        | Found a viscous altar of Jiyva.
   187 | D        | Found an ancient bone altar of Kikubaaqudgha.
   188 | D        | Found a corrupted altar of Lugonu.
   189 | D        | Found a burning altar of Makhleb.
   190 | D        | Found a sparkling altar of Nemelex Xobeh.
   191 | D        | Found an iron altar of Okawaru.
   192 | D        | Found a stormy altar of Qazlal.
   193 | D        | Found a sacrificial altar of Ru.
   194 | D        | Found a deep blue altar of Sif Muna.
   195 | D        | Found a bloodstained altar of Trog.
   196 | D        | Found a hide-covered altar of Uskayaw.
   197 | D        | Found a radiant altar of Vehumet.
   198 | D        | Found an ornate altar of the Wu Jian Council.
   199 | D        | Found a shimmering altar of Xom.
   200 | D        | Found a basalt altar of Yredelemnul.
   201 | D        | Found a glowing silver altar of Zin.
   204 | D        | Became a worshipper of Qazlal Stormbringer
   207 | D        | Found a glowing golden altar of the Shining One.
   272 | D        | Noticed a bullfrog
   272 | D        | Noticed a soldier ant
   272 | D        | Noticed a bullfrog
   272 | D        | Noticed a yak
   278 | D        | Killed a bullfrog
   278 | D        | Reached skill level 6 in Staves
   278 | D        | Gained mutation: You are partially covered in rugged brown scales. (AC +1, +3% HP) [demonic ancestry]
   278 | D        | Reached XP level 3. HP: 12/28 MP: 2/5
   278 | D        | Gained mutation: You are immune to freezing clouds. [demonic ancestry]
   278 | D        | Reached XP level 4. HP: 15/35 MP: 2/6
   285 | D        | Killed a soldier ant
   285 | D        | Reached skill level 8 in Staves
   285 | D        | Reached skill level 1 in Armour
   285 | D        | Gained mutation: You have sharp fingernails. [demonic ancestry]
   285 | D        | Reached XP level 5. HP: 13/42 MP: 2/8
   289 | D        | Reached * piety under Qazlal
   289 | D        | Reached skill level 5 in Dodging
   289 | D        | Reached skill level 5 in Invocations
   294 | D        | Reached XP level 6. HP: 45/48 MP: 3/10
   297 | D        | Killed a yak
   297 | D        | Reached ** piety under Qazlal
   297 | D        | Reached skill level 9 in Staves
   304 | D        | Noticed a two-headed ogre
   304 | D        | Noticed a vampire mosquito
   304 | D        | Noticed a brown ugly thing
   304 | D        | Noticed an acid dragon
   304 | D        | Noticed a wyvern
   311 | D        | Killed a two-headed ogre
   311 | D        | Reached skill level 11 in Staves
   311 | D        | Reached XP level 7. HP: 7/56 MP: 5/13
   311 | D        | Gained mutation: You have very sharp fingernails. [demonic ancestry]
   311 | D        | Reached XP level 8. HP: 8/62 MP: 5/14
   321 | D        | Reached skill level 5 in Fighting
   324 | D        | Killed a brown ugly thing
   324 | D        | Reached *** piety under Qazlal
   326 | D        | HP: 1/63 [acid (16)]
   329 | D        | Reached skill level 12 in Staves
   329 | D        | Slain by a wyvern

Vault maps used:
D:        linesprint

Skill      XL: |  1  2  3  4  5  6  7  8 |
---------------+-------------------------+-----
Staves         | 4 6 8 11 12 | 12.0
Dodging        | 3 4 5 6 7 |  7.2
Invocations    | 3 4 5 8 9 |  9.9
Evocations     | 2 3 4 6 7 |  7.5
Fighting       | 3 4 5 |  5.4
Armour         | 1 3 |  3.8
Throwing       | |  1.7

Action                   |  1- 3 |  4- 6 |  7- 9 || total
-------------------------+-------+-------+-------++-------
Melee: Quarterstaff      |    24 |       |       ||    24
       Lajatang          |     5 |    24 |    11 ||    40
Evoke: Wand              |       |       |     5 ||     5
  Use: Potion            |     2 |     1 |     1 ||     4
       Scroll            |       |       |     1 ||     1
 Stab: Invisible         |     1 |     4 |     3 ||     8
Armor: Leather armour    |     8 |       |       ||     8
       Scale mail        |     1 |     3 |     2 ||     6
Dodge: Dodged            |    20 |    13 |     3 ||    36
Block: Other             |       |       |     1 ||     1

Table legend:
 A = Spawn XP
 B = Non-spawn XP
 C = Spawn XP percentage of total XP
 D = Spawn monster count
 E = Non-spawn monster count
 F = Spawn count percentage of total count
 G = Total turns spent on level
                    A         B        C        D         E        F      G
               +---------+---------+-------+---------+---------+-------+---------
         Total |       0 |    2377 |   0.0 |       0 |      20 |   0.0 |   329
               +---------+---------+-------+---------+---------+-------+---------
             D |       0 |    2377 |   0.0 |       0 |      20 |   0.0 |   329
               +---------+---------+-------+---------+---------+-------+---------
